TOP OF THE 1ST |
Atlanta (MID) Braves batting - Pitching for Augusta GreenJackets : RHP Mike Zambrano Jr.
|
Pitching: RHP Mike Zambrano Jr.
|
|
Batting: RHB Toki Takeuchi
|
0-0: Ball 1-0: Called Strike 1-1: Swinging Strike 1-2: Ball 2-2: Strikes out looking
|
Batting: RHB Badr al Din Ridha
|
0-0: Called Strike 0-1: Swinging Strike 0-2: Foul Ball, location: 2F 0-2: Foul Ball, location: 2F 0-2: Foul Ball, location: 2F 0-2: Ball 1-2: Ground out 6-3 (Groundball, 56, EV 76.2 MPH)
|
Batting: SHB Richello Badua
|
0-0: Called Strike 0-1: Ball 1-1: Called Strike 1-2: Ball 2-2: SINGLE (Line Drive, 78S, EV 111.9 MPH)
|
Batting: LHB Oke Monti
|
0-0: Ball 1-0: Ball 2-0: Ball 3-0: Called Strike 3-1: Swinging Strike 3-2: Foul Ball, location: 2F 3-2: Strikes out swinging
|
Top of the 1st over - 0 runs, 1 hit, 0 errors, 1 left on base; Atlanta (MID) 0 - Augusta 0 |
BOTTOM OF THE 1ST |
Augusta GreenJackets batting - Pitching for Atlanta (MID) Braves : RHP Iestyn Nicholls
|
Pitching: RHP Iestyn Nicholls
|
|
Batting: RHB Ryan Bentz
|
0-0: Ball 1-0: Swinging Strike 1-1: Called Strike 1-2: Ball 2-2: Ball 3-2: Strikes out swinging
|
Batting: RHB Armando Ramirez
|
0-0: Ball 1-0: Ball 2-0: Fly out, F9 (Flyball, 9, EV 85.0 MPH)
|
Batting: RHB Coen Dirks
|
0-0: Called Strike 0-1: Ball 1-1: Ball 2-1: Ground out 5-3 (Groundball, 56S, EV 86.2 MPH)
|
Bottom of the 1st over - 0 runs, 0 hits, 0 errors, 0 left on base; Atlanta (MID) 0 - Augusta 0 |
TOP OF THE 2ND |
Atlanta (MID) Braves batting - Pitching for Augusta GreenJackets : RHP Mike Zambrano Jr.
|
Batting: RHB Armando Moz
|
0-0: Ball 1-0: Swinging Strike 1-1: Swinging Strike 1-2: SINGLE (Groundball, 56D, EV 95.0 MPH)
|
Batting: RHB Terry Hughes
|
0-0: Ball 1-0: Swinging Strike 1-1: Ball 2-1: Hit by Pitch Armando Moz to second
|
Batting: RHB Gerard Michel
|
0-0: Ball 1-0: Called Strike 1-1: Grounds into double play, 6-4-3 (Groundball, 6, EV 85.6 MPH) Armando Moz to third
|
Batting: LHB Joe Phillips
|
0-0: Called Strike 0-1: Ball 1-1: Ground out 6-3 (Groundball, 6, EV 82.5 MPH)
|
Top of the 2nd over - 0 runs, 1 hit, 0 errors, 1 left on base; Atlanta (MID) 0 - Augusta 0 |
BOTTOM OF THE 2ND |
Augusta GreenJackets batting - Pitching for Atlanta (MID) Braves : RHP Iestyn Nicholls
|
Batting: LHB Mike Roberts
|
0-0: Ground out 4-3 (Groundball, 4, EV 110.0 MPH)
|
Batting: LHB Oscar Tamayo
|
0-0: Called Strike 0-1: Ball 1-1: Ball 2-1: SINGLE (Groundball, 4D, EV 103.8 MPH)
|
Batting: RHB Teruhide Horiuchi
|
0-0: Ball 1-0: Called Strike 1-1: SINGLE (Groundball, 34D, EV 105.0 MPH) Oscar Tamayo to second Runner from 2nd tries for 3rd, SAFE, throw by RF made to third
|
Batting: RHB Tsugio Yamaguchi
|
0-0: Ball 1-0: Called Strike 1-1: Called Strike 1-2: Ball 2-2: Ball Teruhide Horiuchi steals 2nd base 3-2: Strikes out swinging
|
Batting: RHB Mike Storey
|
0-0: Called Strike 0-1: Ball 1-1: Swinging Strike 1-2: Ball 2-2: Ball 3-2: Ground out 6-3 (Groundball, 56, EV 92.5 MPH)
|
Bottom of the 2nd over - 0 runs, 2 hits, 0 errors, 2 left on base; Atlanta (MID) 0 - Augusta 0 |
TOP OF THE 3RD |
Atlanta (MID) Braves batting - Pitching for Augusta GreenJackets : RHP Mike Zambrano Jr.
|
Batting: RHB Phil Holman
|
0-0: Ball 1-0: Ball 2-0: Fly out, F8 (Flyball, 89S, EV 72.5 MPH)
|
Batting: RHB Toki Takeuchi
|
0-0: DOUBLE (Groundball, 5L, EV 98.8 MPH)
|
Batting: RHB Badr al Din Ridha
|
0-0: Fly out, F9 (Flyball, 9D, EV 96.9 MPH) Runner from 2nd tags up, SAFE at 3rd, no throw by RF
|
Batting: SHB Richello Badua
|
0-0: Ball 1-0: Ball 2-0: Ball 3-0: Base on Balls
|
Batting: LHB Oke Monti
|
0-0: Ball 1-0: Ball 2-0: Ball 3-0: Swinging Strike 3-1: Base on Balls Richello Badua to second
|
Batting: RHB Armando Moz
|
0-0: Reached on error, E4 (Groundball, 4M, EV 86.9 MPH) Toki Takeuchi scores Richello Badua to third Oke Monti to second
|
Batting: RHB Terry Hughes
|
0-0: Foul Ball, location: 2F 0-1: Fly out, F6 (Popup, 56D, EV 70.6 MPH)
|
Top of the 3rd over - 1 run, 1 hit, 1 error, 3 left on base; Atlanta (MID) 1 - Augusta 0 |
BOTTOM OF THE 3RD |
Augusta GreenJackets batting - Pitching for Atlanta (MID) Braves : RHP Iestyn Nicholls
|
Batting: RHB Joe Nelson
|
0-0: Swinging Strike 0-1: Ball 1-1: Foul Ball, location: 2F 1-2: Ground out 5-3 (Groundball, 56, EV 98.1 MPH)
|
Batting: RHB Ryan Bentz
|
0-0: Called Strike 0-1: Ball 1-1: Ball 2-1: Foul Ball, location: 2F 2-2: Ground out 5-3 (Groundball, 56, EV 83.1 MPH)
|
Batting: RHB Armando Ramirez
|
0-0: Called Strike 0-1: Swinging Strike 0-2: Strikes out swinging
|
Bottom of the 3rd over - 0 runs, 0 hits, 0 errors, 0 left on base; Atlanta (MID) 1 - Augusta 0 |
TOP OF THE 4TH |
Atlanta (MID) Braves batting - Pitching for Augusta GreenJackets : RHP Mike Zambrano Jr.
|
Batting: RHB Gerard Michel
|
0-0: Ball 1-0: Called Strike 1-1: Foul Ball, location: 2F 1-2: Fly out, F5 (Popup, 5L, EV 81.9 MPH)
|
Batting: LHB Joe Phillips
|
0-0: Ball 1-0: Ground out 4-3 (Groundball, 4, EV 77.5 MPH)
|
Batting: RHB Phil Holman
|
0-0: Ball 1-0: Ball 2-0: Ball 3-0: Called Strike 3-1: Base on Balls
|
Batting: RHB Toki Takeuchi
|
0-0: Ball 1-0: Foul Ball, location: 2F 1-1: Fielders Choice at 2nd, 6-4 (Groundball, 6, EV 89.4 MPH)
|
Top of the 4th over - 0 runs, 0 hits, 0 errors, 1 left on base; Atlanta (MID) 1 - Augusta 0 |
BOTTOM OF THE 4TH |
Augusta GreenJackets batting - Pitching for Atlanta (MID) Braves : RHP Iestyn Nicholls
|
Batting: RHB Coen Dirks
|
0-0: Called Strike 0-1: Fly out, F8 (Line Drive, 8LM, EV 86.2 MPH)
|
Batting: LHB Mike Roberts
|
0-0: Called Strike 0-1: Swinging Strike 0-2: Foul Ball, location: 2F 0-2: Ball 1-2: Ball 2-2: Strikes out swinging
|
Batting: LHB Oscar Tamayo
|
0-0: Foul Ball, location: 5F, Error on foul ball, E5 0-1: Swinging Strike 0-2: Ball 1-2: Ground out 4-3 (Groundball, 34, EV 100.0 MPH)
|
Bottom of the 4th over - 0 runs, 0 hits, 1 error, 0 left on base; Atlanta (MID) 1 - Augusta 0 |
TOP OF THE 5TH |
Atlanta (MID) Braves batting - Pitching for Augusta GreenJackets : RHP Mike Zambrano Jr.
|
Batting: RHB Badr al Din Ridha
|
0-0: Ball 1-0: Ball 2-0: Called Strike 2-1: Ground out 4-3 (Groundball, 4, EV 80.6 MPH)
|
Batting: SHB Richello Badua
|
0-0: Ball 1-0: Foul Ball, location: 2F 1-1: Called Strike 1-2: Ball 2-2: Ball 3-2: Fly out, F8 (Flyball, 78S, EV 86.9 MPH)
|
Pitching: RHP Eddie Ramirez
|
|
Batting: LHB Oke Monti
|
0-0: Ball 1-0: Swinging Strike 1-1: Called Strike 1-2: Ball 2-2: Foul Ball, location: 2F 2-2: Foul Ball, location: 2F 2-2: Foul Ball, location: 2F 2-2: Strikes out swinging
|
Top of the 5th over - 0 runs, 0 hits, 0 errors, 0 left on base; Atlanta (MID) 1 - Augusta 0 |
BOTTOM OF THE 5TH |
Augusta GreenJackets batting - Pitching for Atlanta (MID) Braves : RHP Iestyn Nicholls
|
Batting: RHB Teruhide Horiuchi
|
0-0: Ball 1-0: DOUBLE (Groundball, 5L, EV 95.0 MPH)
|
Batting: RHB Tsugio Yamaguchi
|
0-0: Ball 1-0: Called Strike 1-1: Called Strike 1-2: Foul Ball, location: 2F 1-2: Strikes out looking
|
Batting: RHB Mike Storey
|
0-0: Ball Wild Pitch! Teruhide Horiuchi to third 1-0: Ball 2-0: Ball 3-0: Base on Balls
|
Batting: RHB Joe Nelson
|
0-0: Called Strike 0-1: Foul Ball, location: 2F 0-2: Ball 1-2: Ground out 5-3 (Groundball, 56, EV 90.0 MPH) Mike Storey to second
|
Batting: RHB Ryan Bentz
|
0-0: Called Strike 0-1: SINGLE (Groundball, 6MD, EV 96.9 MPH) Teruhide Horiuchi scores Mike Storey to third
|
Batting: RHB Armando Ramirez
|
0-0: Ball 1-0: Called Strike 1-1: Called Strike 1-2: Ball 2-2: Foul Ball, location: 2F 2-2: Foul Ball, location: 2F 2-2: Strikes out swinging
|
Bottom of the 5th over - 1 run, 2 hits, 0 errors, 2 left on base; Atlanta (MID) 1 - Augusta 1 |
TOP OF THE 6TH |
Atlanta (MID) Braves batting - Pitching for Augusta GreenJackets : RHP Eddie Ramirez
|
Batting: RHB Armando Moz
|
0-0: Called Strike 0-1: Ball 1-1: Ground out 4-3 (Groundball, 4D, EV 101.9 MPH)
|
Batting: RHB Terry Hughes
|
0-0: Called Strike 0-1: Ball 1-1: SINGLE (Groundball, 6MD, EV 93.8 MPH)
|
Batting: RHB Gerard Michel
|
0-0: Called Strike 0-1: Swinging Strike 0-2: Strikes out swinging
|
Batting: LHB Joe Phillips
|
0-0: Called Strike 0-1: Ball 1-1: Foul Ball, location: 2F 1-2: Ball Wild Pitch! Terry Hughes to second 2-2: Strikes out swinging
|
Top of the 6th over - 0 runs, 1 hit, 0 errors, 1 left on base; Atlanta (MID) 1 - Augusta 1 |
BOTTOM OF THE 6TH |
Augusta GreenJackets batting - Pitching for Atlanta (MID) Braves : RHP Iestyn Nicholls
|
Batting: RHB Coen Dirks
|
0-0: Ground out 5-3 (Groundball, 5S, EV 89.4 MPH)
|
Batting: LHB Mike Roberts
|
0-0: Ball 1-0: Ball 2-0: Ground out 5-3 (Groundball, 56, EV 81.9 MPH)
|
Batting: LHB Oscar Tamayo
|
0-0: Called Strike 0-1: Swinging Strike 0-2: Strikes out swinging
|
Bottom of the 6th over - 0 runs, 0 hits, 0 errors, 0 left on base; Atlanta (MID) 1 - Augusta 1 |
TOP OF THE 7TH |
Atlanta (MID) Braves batting - Pitching for Augusta GreenJackets : RHP Eddie Ramirez
|
Pitching: RHP Sanya Mikushevich
|
|
Batting: RHB Phil Holman
|
0-0: Called Strike 0-1: Ball 1-1: Swinging Strike 1-2: Ball 2-2: DOUBLE (Groundball, 5L, EV 106.9 MPH)
|
Batting: RHB Toki Takeuchi
|
0-0: Foul Ball, location: 2F 0-1: Swinging Strike 0-2: Foul Ball, location: 2F 0-2: Strikes out swinging
|
Pinch Hitting: RHB Zheng-ze King
|
0-0: Ball 1-0: Called Strike Phil Holman steals 3rd base (no throw) Squeeze bunt is on, Phil Holman is out 1-2: SINGLE (Groundball, 6D, EV 110.0 MPH)
|
Batting: SHB Richello Badua
|
0-0: Called Strike Zheng-ze King steals 2nd base 0-1: Ball 1-1: Ball 2-1: Ball 3-1: Base on Balls
|
Batting: LHB Oke Monti
|
0-0: Called Strike 0-1: Ball 1-1: Ball 2-1: Foul Ball, location: 2F 2-2: Ball 3-2: Foul Ball, location: 2F 3-2: SINGLE (Flyball, 56D, EV 82.5 MPH) Zheng-ze King to third Richello Badua to second Zheng-ze King scores Richello Badua to third
|
Batting: RHB Armando Moz
|
0-0: Called Strike 0-1: Ball 1-1: Foul Ball, location: 2F 1-2: Strikes out swinging
|
Top of the 7th over - 1 run, 3 hits, 0 errors, 2 left on base; Atlanta (MID) 2 - Augusta 1 |
BOTTOM OF THE 7TH |
Augusta GreenJackets batting - Pitching for Atlanta (MID) Braves : RHP Iestyn Nicholls
|
Now in LF: Richello Badua
|
|
Now in RF: Adonis Jenifer
|
|
Batting: RHB Teruhide Horiuchi
|
0-0: Ball 1-0: Ground out 4-3 (Groundball, 4, EV 108.1 MPH)
|
Batting: RHB Tsugio Yamaguchi
|
0-0: Reached on error, E2 (Groundball, 2L, EV 70.0 MPH)
|
Pinch Hitting: LHB Alex Larangho
|
0-0: Ball 1-0: Called Strike Tsugio Yamaguchi steals 2nd base 1-1: Foul Ball, location: 2F 1-2: Ground out U3 (Groundball, 34S, EV 81.2 MPH) Tsugio Yamaguchi to third
|
Pitching: LHP Justin Hawk
|
|
Batting: RHB Joe Nelson
|
0-0: Ball 1-0: Swinging Strike 1-1: Ground out 3-1 (Groundball, 34, EV 103.1 MPH)
|
Bottom of the 7th over - 0 runs, 0 hits, 1 error, 1 left on base; Atlanta (MID) 2 - Augusta 1 |
TOP OF THE 8TH |
Atlanta (MID) Braves batting - Pitching for Augusta GreenJackets : RHP Sanya Mikushevich
|
Pitching: LHP Jimmy Heinecke
|
|
Now in LF: Ryan Bentz
|
|
Now in CF: Vinny Torres
|
|
Batting: RHB Terry Hughes
|
0-0: Called Strike 0-1: Ball 1-1: Ball 2-1: Ball 3-1: Foul Ball, location: 2F 3-2: Strikes out swinging
|
Batting: RHB Gerard Michel
|
0-0: Called Strike 0-1: Ball 1-1: SINGLE (Groundball, 4M, EV 85.6 MPH) (infield hit)
|
Batting: LHB Joe Phillips
|
0-0: Called Strike 0-1: Fielders Choice at 2nd, 4-6 (Groundball, 4, EV 91.9 MPH)
|
Batting: RHB Phil Holman
|
0-0: Ball 1-0: Called Strike 1-1: Called Strike 1-2: Ball 2-2: Ball 3-2: Foul Ball, location: 2F 3-2: Ground out 5-3 (Groundball, 56, EV 85.6 MPH)
|
Top of the 8th over - 0 runs, 1 hit, 0 errors, 1 left on base; Atlanta (MID) 2 - Augusta 1 |
BOTTOM OF THE 8TH |
Augusta GreenJackets batting - Pitching for Atlanta (MID) Braves : LHP Justin Hawk
|
Batting: RHB Ryan Bentz
|
0-0: Swinging Strike 0-1: Ground out 1-3 (Groundball, 13S, EV 70.6 MPH)
|
Batting: RHB Armando Ramirez
|
0-0: Called Strike 0-1: Foul Ball, location: 2F 0-2: Strikes out swinging
|
Batting: RHB Coen Dirks
|
0-0: Ball 1-0: Called Strike 1-1: Foul Ball, location: 2F 1-2: Foul Ball, location: 2F 1-2: Ball 2-2: Strikes out looking
|
Bottom of the 8th over - 0 runs, 0 hits, 0 errors, 0 left on base; Atlanta (MID) 2 - Augusta 1 |
TOP OF THE 9TH |
Atlanta (MID) Braves batting - Pitching for Augusta GreenJackets : LHP Jimmy Heinecke
|
Pitching: RHP Brian Yinger
|
|
Batting: RHB Toki Takeuchi
|
0-0: Ball 1-0: Ground out 5-3 (Groundball, 56S, EV 90.6 MPH)
|
Batting: RHB Adonis Jenifer
|
0-0: Ball 1-0: Called Strike 1-1: Called Strike 1-2: Strikes out swinging
|
Batting: SHB Richello Badua
|
0-0: Called Strike 0-1: Ball 1-1: Swinging Strike 1-2: Foul Ball, location: 2F 1-2: Foul Ball, location: 2F 1-2: Ball 2-2: Foul Ball, location: 2F 2-2: Foul Ball, location: 2F 2-2: Ball 3-2: Foul Ball, location: 2F 3-2: SINGLE (Groundball, 6D, EV 96.9 MPH)
|
Batting: LHB Oke Monti
|
0-0: Ball Richello Badua is caught stealing 2nd base 2-6
|
Top of the 9th over - 0 runs, 1 hit, 0 errors, 0 left on base; Atlanta (MID) 2 - Augusta 1 |
BOTTOM OF THE 9TH |
Augusta GreenJackets batting - Pitching for Atlanta (MID) Braves : LHP Justin Hawk
|
Pitching: LHP Darius Brown
|
|
Batting: LHB Mike Roberts
|
0-0: Ball 1-0: Foul Ball, location: 2F 1-1: Called Strike 1-2: Ball 2-2: SINGLE (Groundball, 4MD, EV 95.6 MPH)
|
Batting: LHB Oscar Tamayo
|
0-0: Called Strike 0-1: Fly out, F4 (Line Drive, 4, EV 66.2 MPH)
|
Batting: RHB Teruhide Horiuchi
|
0-0: Ball 1-0: Ball 2-0: Ball 3-0: Called Strike 3-1: Foul Ball, location: 2F 3-2: Ground out 5-3 (Groundball, 56S, EV 65.6 MPH) Mike Roberts to second
|
Batting: RHB Tsugio Yamaguchi
|
0-0: Ball 1-0: Ball 2-0: Ball 3-0: Called Strike 3-1: Fly out, F8 (Flyball, 78M, EV 81.2 MPH)
|
Bottom of the 9th over - 0 runs, 1 hit, 0 errors, 1 left on base; Atlanta (MID) 2 - Augusta 1 |
|